 Dungeon Sprint DCSS version 0.22-a0-512-g0943f25 (webtiles) character file.

6400000 Gracefully the Conqueror (level 27, -18/272 (273) HPs)
             Began as a Ghoul Warper on June 19, 2018.
             Was the Champion of Makhleb.
             Demolished by The Servant
             ... wielding a +9 glaive of flaming
              (35 damage)
             ... in the Dungeon (Sprint VIII: "Arena of Blood").
             The game lasted 00:03:23 (64 turns).

Gracefully the Conqueror (Ghoul Warper)               Turns: 64, Time: 00:03:27

HP:   -18/272 (273) AC:  6    Str: 28    XL:     27
MP:   18/53         EV: 24    Int:  8    God:    Makhleb [******]
Gold: 0             SH:  0    Dex:  8    Spells: 80/80 levels left

rFire    . . .     SeeInvis .   b - +∞ Axe of Woe
rCold    + . .     Gourm    .   (shield currently unavailable)
rNeg     + + +     Faith    .   a - +0 leather armour
rPois    ∞         Spirit   .   (no helmet)
rElec    .         Reflect  .   (no cloak)
rCorr    .         Harm     .   (no gloves)
MR       ++...     NoTele   +   (no boots)
Stlth    +++++++++.             (no amulet)
HPRegen  0.00/turn              (no ring)
MPRegen  0.33/turn              (no ring)

@: rotting
A: rotting body, claws 1, carnivore, cold resistance 1, negative energy
resistance 3, inhibited regeneration, torment resistance, unbreathing
a: Minor Destruction, Lesser Servant of Makhleb, Major Destruction, Greater
Servant of Makhleb, Renounce Religion


You were in the Dungeon.
You worshipped Makhleb.
Makhleb was exalted by your worship.
You were not hungry.

You visited 1 branch

Inventory:

Hand Weapons
 b - the +∞ Axe of Woe (weapon)
   (You found it in the Dungeon)
Missiles
 d - 5 tomahawks of dispersal (quivered)
Armour
 a - a +0 leather armour (worn)
Scrolls
 c - 2 scrolls of blinking
Potions
 e - a potion of curing
 g - a potion of heal wounds
 h - a potion of haste
 i - 2 potions of magic
 j - a potion of berserk rage
Comestibles
 f - a ration


   Skills:
 O Level 27 Fighting
 O Level 27 Axes
 O Level 27 Throwing
 O Level 27 Armour
 O Level 27 Dodging
 O Level 27 Stealth
 O Level 27 Unarmed Combat
 O Level 27 Spellcasting
   Level 2.6 Translocations
 O Level 27 Invocations


You had 80 spell levels left.
You didn't know any spells.
Your spell library contained the following spells:

 Spells                   Type           Power        Failure   Level  Hunger
 Teleport Other           Tloc           ###.....     2%          3    None
 Blink                    Tloc           N/A          1%          2    None
 Passage of Golubria      Tloc           N/A          10%         4    ##.....
 Shroud of Golubria       Chrm/Tloc      ##........   2%          2    None
 Gell's Gravitas          Tloc           ###.......   2%          3    None
 Lesser Beckoning         Tloc           ###.......   2%          3    None


Dungeon Overview and Level Annotations

Branches:
Dungeon (1/1)

Altars:
Makhleb

Annotations:
D The Servant


Innate Abilities, Weirdness & Mutations

Your body is rotting away.
You thrive on raw meat.
You are immune to poison.
You have sharp fingernails.
You are carnivorous and can eat meat at any time.
Your flesh is cold resistant. (rC+)
You are immune to negative energy. (rN+++)
You do not regenerate when monsters are visible.
You are immune to unholy pain and torment.
You can survive without breathing.


Message History

You hit the bag of meat.
You butcher the bag of meat messily.
You kill the bag of meat!
Makhleb accepts your kill.
You feel better.
You slice the bag of meat!!
You butcher the bag of meat messily.
You kill the bag of meat!
Makhleb accepts your kill.
You feel better.
You are engulfed in blazing flames.
You hear a shout! x3
The destroyer blinks!
You hear a shout! x2
The destroyer blinks!
You hear a shout! x6
You are engulfed in blazing flames.
You hear a shout!
The Servant hits you with a +9 glaive of flaming!!!!!
Ouch! That really hurt!
* * * LOW HITPOINT WARNING * * *
The Servant burns you!!
You die...

.. ................# #.
...#............ #.. ...#
..........## ###..
...###.%...§....
.....###......V......###.
......_...%O%%.%...o.....
#....)#.....V§#o#..%..
#_.<._#....W@@§§o.....
.#....)#)%...)#O#.#...
......_.).)O..§)§)§VV....
.....###..).M..)§#o#o#..#
###.....).###%)%%.Wx.o.
#.......#....§........#
#....o.o#.........§..#.
...........W..........
............#...#...O.


You could see an accursed, The Servant, 3 destroyers, 3 dreads, 3 meat
berserkers, 6 bags of meat and a crawling corpse.

Vanquished Creatures
  8 vampire knights (D)
  8 two-headed ogres (D)
  A lich (D)
  53 orcs (D)
  4 skeletal warriors (D)
  2 large abominations (D)
  4 small abominations (D)
  5 crawling corpses (D)
  21 ogres (D)
106 creatures vanquished.

Vanquished Creatures (others)
  3 crawling corpses (D)
3 creatures vanquished.

Grand Total: 109 creatures vanquished

Notes
Turn   | Place    | Note
-------+----------+-------------------------------------------
     0 | D        | Found the +∞ Axe of Woe
     0 | D        | Gracefully the Ghoul Warper began the quest for the Orb.
     0 | D        | Reached XP level 1. HP: 17/17 MP: 2/2
     2 | D        | Noticed a meat berserker
     3 | D        | Noticed a bag of meat
     4 | D        | Killed a meat berserker
     4 | D        | Reached skill level 5 in Axes
     4 | D        | Reached skill level 5 in Throwing
     4 | D        | Reached skill level 5 in Armour
     4 | D        | Reached skill level 15 in Spellcasting
     4 | D        | Reached XP level 2. HP: 51/51 MP: 2/17
     4 | D        | Reached XP level 3. HP: 58/58 MP: 2/18
     4 | D        | Reached XP level 4. HP: 66/66 MP: 2/20
     4 | D        | Reached XP level 5. HP: 73/73 MP: 2/21
     4 | D        | Reached XP level 6. HP: 81/81 MP: 2/23
     4 | D        | Reached XP level 7. HP: 88/88 MP: 2/24
     4 | D        | Reached XP level 8. HP: 95/95 MP: 2/26
     4 | D        | Reached XP level 9. HP: 102/102 MP: 2/27
     4 | D        | Reached XP level 10. HP: 111/111 MP: 2/28
     4 | D        | Reached XP level 11. HP: 117/117 MP: 2/29
     4 | D        | Reached XP level 12. HP: 125/125 MP: 2/30
     4 | D        | Reached XP level 13. HP: 132/132 MP: 2/31
     4 | D        | Noticed a meat berserker
     5 | D        | Became a worshipper of Makhleb the Destroyer
     6 | D        | Noticed a meat berserker
     7 | D        | Noticed a meat berserker
     7 | D        | Noticed a meat berserker
     8 | D        | Killed a meat berserker
     8 | D        | Reached XP level 14. HP: 147/147 MP: 3/34
     9 | D        | Killed a meat berserker
     9 | D        | Reached * piety under Makhleb
     9 | D        | Reached XP level 15. HP: 160/160 MP: 3/37
    10 | D        | Killed a meat berserker
    10 | D        | Reached XP level 16. HP: 108/172 MP: 3/40
    10 | D        | Reached skill level 10 in Axes
    10 | D        | Noticed a meat berserker
    10 | D        | Noticed a meat berserker
    11 | D        | Killed a meat berserker
    11 | D        | Reached ** piety under Makhleb
    11 | D        | Reached XP level 17. HP: 117/185 MP: 4/42
    13 | D        | Killed a meat berserker
    13 | D        | Reached skill level 10 in Armour
    13 | D        | Reached XP level 18. HP: 126/199 MP: 5/45
    14 | D        | Killed a meat berserker
    14 | D        | Reached skill level 27 in Fighting
    14 | D        | Reached skill level 15 in Axes
    14 | D        | Reached skill level 10 in Throwing
    14 | D        | Reached skill level 27 in Unarmed Combat
    15 | D        | Reached *** piety under Makhleb
    15 | D        | Reached XP level 19. HP: 206/206 MP: 5/48
    16 | D        | Reached skill level 27 in Spellcasting
    17 | D        | Noticed a large bag of meat
    17 | D        | Reached **** piety under Makhleb
    19 | D        | Noticed a meat berserker
    21 | D        | Noticed a large bag of meat
    22 | D        | Noticed a meat berserker
    22 | D        | Noticed a meat berserker
    22 | D        | Noticed a destroyer
    23 | D        | Noticed a meat berserker
    23 | D        | Noticed a meat berserker
    23 | D        | Noticed a meat berserker
    24 | D        | Killed a meat berserker
    24 | D        | Reached XP level 20. HP: 215/215 MP: 8/50
    24 | D        | Reached skill level 27 in Dodging
    24 | D        | Noticed a meat berserker
    24 | D        | Noticed a meat berserker
    25 | D        | Noticed a large bag of meat
    25 | D        | Noticed The Servant
    26 | D        | Noticed a meat berserker
    26 | D        | Noticed a destroyer
    27 | D        | Noticed a meat berserker
    27 | D        | Killed a meat berserker
    27 | D        | Reached ***** piety under Makhleb
    27 | D        | Reached skill level 27 in Axes
    27 | D        | Killed a meat berserker
    27 | D        | Reached XP level 21. HP: 152/223 MP: 9/51
    27 | D        | Killed a meat berserker
    28 | D        | Killed a large bag of meat
    28 | D        | Noticed a large bag of meat
    29 | D        | Reached XP level 22. HP: 203/232 MP: 10/52
    29 | D        | Reached skill level 27 in Throwing
    29 | D        | Reached skill level 27 in Armour
    30 | D        | Reached ****** piety under Makhleb
    30 | D        | Reached skill level 27 in Stealth
    30 | D        | Reached XP level 23. HP: 239/239 MP: 10/53
    31 | D        | Noticed a destroyer
    31 | D        | Killed a destroyer
    31 | D        | Reached skill level 27 in Invocations
    32 | D        | Reached XP level 24. HP: 232/248 MP: 10/53
    32 | D        | Killed a large bag of meat
    32 | D        | Killed a large bag of meat
    34 | D        | Reached XP level 25. HP: 202/256 MP: 11/53
    34 | D        | Noticed a destroyer
    34 | D        | Noticed a large bag of meat
    35 | D        | Killed a destroyer
    35 | D        | Killed a destroyer
    35 | D        | Noticed a large bag of meat
    36 | D        | Noticed a destroyer
    37 | D        | Reached XP level 26. HP: 210/265 MP: 12/53
    39 | D        | Noticed a large bag of meat
    40 | D        | Reached XP level 27. HP: 37/272 MP: 12/53
    40 | D        | Noticed a destroyer
    41 | D        | Killed a destroyer
    41 | D        | Killed a large bag of meat
    43 | D        | Noticed a large bag of meat
    44 | D        | Noticed a destroyer
    48 | D        | Killed a large bag of meat
    48 | D        | Noticed a destroyer
    49 | D        | Killed a large bag of meat
    52 | D        | Noticed a destroyer
    53 | D        | Killed a destroyer
    54 | D        | Killed a large bag of meat
    54 | D        | Noticed a tyrant
    55 | D        | Killed a destroyer
    55 | D        | Noticed a destroyer
    55 | D        | Noticed a destroyer
    56 | D        | Noticed a dread
    57 | D        | Killed a destroyer
    58 | D        | Killed a large bag of meat
    58 | D        | Noticed a destroyer
    59 | D        | Noticed an accursed
    59 | D        | Noticed a dread
    60 | D        | Killed a destroyer
    61 | D        | Noticed a dread
    62 | D        | Killed a tyrant
    62 | D        | Noticed a dread
    62 | D        | Noticed a large bag of meat
    64 | D        | Demolished by The Servant

Vault maps used:
D:        meatsprint

Skill      XL: |  1  2  3  4  5  6  7  8  9 10 11 12 13 14 15 16 17 18 19 20 21 22 23 |
---------------+----------------------------------------------------------------------+-----
Fighting       | 17 19 21 23 25 26 27 | 27.0
Axes           | 5 6 8 9 12 13 18 25 27 | 27.0
Throwing       | 5 6 7 8 9 10 12 21 26 27 | 27.0
Armour         | 5 6 7 8 9 10 11 13 21 26 27 | 27.0
Dodging        | 13 16 17 18 20 21 23 26 27 | 27.0
Unarmed Combat | 16 19 21 22 24 25 27 | 27.0
Spellcasting   | 15 17 19 21 22 24 26 27 | 27.0
Stealth        | 27 | 27.0
Invocations    | 25 27 | 27.0
Translocations | |  2.6

Action                   |  1- 3 |  4- 6 |  7- 9 | 10-12 | 13-15 | 16-18 | 19-21 | 22-24 | 25-27 || total
-------------------------+-------+-------+-------+-------+-------+-------+-------+-------+-------++-------
Melee: Executioner's axe |     1 |       |       |       |     3 |     4 |     7 |     4 |    29 ||    48
Dodge: Dodged            |       |       |       |       |     1 |     2 |       |       |     2 ||     5

Table legend:
 A = Spawn XP
 B = Non-spawn XP
 C = Spawn XP percentage of total XP
 D = Spawn monster count
 E = Non-spawn monster count
 F = Spawn count percentage of total count
 G = Total turns spent on level
                    A         B        C        D         E        F      G
               +---------+---------+-------+---------+---------+-------+---------
         Total |       0 | 2546614 |   0.0 |       0 |     101 |   0.0 |    64
               +---------+---------+-------+---------+---------+-------+---------
             D |       0 | 2546614 |   0.0 |       0 |     101 |   0.0 |    64
               +---------+---------+-------+---------+---------+-------+---------
